 Dungeon Crawl Stone Soup version 0.21-a0-13-g3fd62ac (webtiles) character file.

165 Mesmaeker13 the Cudgeler (level 5, -1/53 HPs)
             Began as an Ogre Skald on May 23, 2017.
             Slain by a bullfrog skeleton (2 damage)
             ... on level 4 of the Dungeon.
             The game lasted 00:07:02 (3160 turns).

Mesmaeker13 the Cudgeler (Ogre Skald)               Turns: 3160, Time: 00:07:03

Health: -1/53      AC:  3    Str: 16    XL:     5   Next: 46%
Magic:  8/8        EV: 10    Int: 14    God:
Gold:   123        SH:  0    Dex:  8    Spells: 5/8 levels left

rFire    . . .     SeeInvis .   t - +0 blowgun (curse)
rCold    . . .     Gourm    .   (no shield)
rNeg     . . .     Faith    .   b - +0 robe
rPois    .         Spirit   .   (helmet restricted)
rElec    .         Reflect  .   (no cloak)
rCorr    .         Harm     .   (gloves unavailable)
MR       .....                  (boots unavailable)
Stlth    +.........             (no amulet)
Regen    0.2/turn               (no ring)
MPRegen  0.2/turn               (no ring)

@: no status effects
A: unfitting armour, tough skin 1
a: no special abilities


You were on level 4 of the Dungeon.
You were not hungry.

You visited 1 branch of the dungeon, and saw 4 of its levels.

You collected 123 gold pieces.

Inventory:

Hand Weapons
 a - a +0 mace
 t - a cursed +0 blowgun (weapon)
Missiles
 s - 6 poisoned needles (quivered)
 v - 5 tomahawks
Armour
 b - a +0 robe (worn)
Scrolls
 g - a scroll of noise
 j - a scroll of enchant armour
 m - 2 scrolls of teleportation
 q - a scroll of immolation
Potions
 e - 3 potions of heal wounds {unknown}
 f - 2 potions of haste {unknown}
 k - a potion of cancellation {unknown}
 l - a potion of mutation {unknown}
 n - 2 potions of degeneration {unknown}
 o - a potion of might {unknown}
Books
 c - a book of Battle

   Spells                             Type                      Level
   a - Infusion                       Charms                       1
   b - Shroud of Golubria             Charms/Translocation         2
   c - Song of Slaying                Charms                       2
   d - Spectral Weapon                Hexes/Charms                 3
   e - Regeneration                   Charms/Necromancy            3
Comestibles
 d - 5 bread rations
 h - 4 fruits
 i - a chunk of flesh
 u - a meat ration


   Skills:
 + Level 3.3 Fighting
 + Level 3.6 Maces & Flails
 + Level 2.9 Dodging
 - Level 0.2 Stealth
 - Level 2.4 Spellcasting
 + Level 3.4 Charms


You had 5 spell levels left.
You knew the following spells:

 Your Spells              Type           Power        Failure   Level  Hunger
a - Infusion              Chrm           ##..         5%          1    #......
b - Song of Slaying       Chrm           ##......     9%          2    ###....


Dungeon Overview and Level Annotations

Branches:
Dungeon (4/15)
 Temple: D:4-7

Altars:
Ashenzari
Cheibriados
Kikubaaqudgha
Trog
Uskayaw
Wu Jian
Xom
Yredelemnul
The Shining One


Innate Abilities, Weirdness & Mutations

You are too large for most types of armour.
You have tough skin. (AC +1)


Message History

The bullfrog skeleton hits you.
* * * LOW HITPOINT WARNING * * *
Found a meat ration.
You see here a coral ring.
Found a dagger.
The bullfrog skeleton hits you.
* * * LOW HITPOINT WARNING * * *
Found an inky potion.
The bullfrog skeleton closely misses you.
The bullfrog skeleton hits you.
* * * LOW HITPOINT WARNING * * *
You see here an inky potion.
The bullfrog skeleton closely misses you.
The bullfrog skeleton barely misses you.
The bullfrog skeleton hits you.
* * * LOW HITPOINT WARNING * * *
The bullfrog skeleton hits you.
* * * LOW HITPOINT WARNING * * *
The bullfrog skeleton hits you.
You die...

##################
#.Z...............
#@######..!....##
#.# #.......## #.#
#.....)..# #.#
#........# #..
+....%...## #.#
####........#. #.#
.............. #>.
..............
##.#..........


You could see a bullfrog skeleton.

Vanquished Creatures
  Jessica (D:2)
  7 adders
  An ooze (D:3)
  2 worms (D:2)
  2 dart slugs
  3 leopard geckos
  2 orcs (D:3)
  7 bats
  2 giant cockroaches
  7 goblins
  7 hobgoblins
  5 kobolds
  A quokka (D:3)
  2 ball pythons (D:2)
  5 frilled lizards
  7 rats
61 creatures vanquished.

Notes
Turn   | Place    | Note
-------+----------+-------------------------------------------
     0 | D:1      | Mesmaeker13 the Ogre Skald began the quest for the Orb.
     0 | D:1      | Reached XP level 1. HP: 22/22 MP: 3/3
   180 | D:1      | Reached XP level 2. HP: 24/29 MP: 5/5
   425 | D:1      | Found a glowing golden altar of the Shining One.
   837 | D:2      | Reached XP level 3. HP: 32/36 MP: 3/6
   855 | D:2      | Noticed Jessica
   870 | D:2      | Killed Jessica
   883 | D:2      | Reached XP level 4. HP: 36/45 MP: 0/7
   949 | D:2      | Learned a level 2 spell: Song of Slaying
  1296 | D:2      | Found a shimmering altar of Xom.
  1845 | D:2      | Found a shimmering altar of Xom.
  1845 | D:2      | Found a basalt altar of Yredelemnul.
  1847 | D:2      | Found an ornate altar of the Wu Jian Council.
  1847 | D:2      | Found a shattered altar of Ashenzari.
  1847 | D:2      | Found a shattered altar of Ashenzari.
  1889 | D:3      | Found a glowing golden altar of the Shining One.
  1891 | D:3      | Found a bloodstained altar of Trog.
  1892 | D:3      | Found an ancient bone altar of Kikubaaqudgha.
  1908 | D:3      | Found a hide-covered altar of Uskayaw.
  1957 | D:3      | Reached XP level 5. HP: 41/53 MP: 8/8
  2509 | D:3      | Found a snail-covered altar of Cheibriados.
  2898 | D:4      | Noticed an ogre
  3154 | D:4      | HP: 1/53 [bullfrog skeleton (3)]
  3160 | D:4      | Slain by a bullfrog skeleton

Vault maps used:
D:1:      dpeg_arrival_signposts, tso_metal_star
D:2:      wad_pebble_path, doesnt_xom_only_xom, uniq_jessica
D:3:      lemuel_crystal_altar, nicolae_overflow_quartered_altars

Skill      XL: |  1  2  3  4 |
---------------+-------------+-----
Maces & Flails | 2 3 |  3.6
Charms         | 3 |  3.4
Fighting       | 3 |  3.3
Dodging        | |  2.9
Stealth        | |  0.2
Spellcasting   | |  2.4

Action                   |  1- 3 |  4- 6 || total
-------------------------+-------+-------++-------
Melee: Mace              |    63 |   111 ||   174
 Fire: Blowgun           |       |    23 ||    23
Throw: Tomahawk          |       |     1 ||     1
 Cast: Infusion          |     9 |    12 ||    21
       Song of Slaying   |       |     1 ||     1
  Use: Scroll            |       |     5 ||     5
  Eat: Chunk             |       |     8 ||     8
Armor: Robe              |    31 |    44 ||    75
Dodge: Dodged            |    33 |   102 ||   135
